 Dungeon Crawl Stone Soup version 0.31-a0-986-g5e6e4ef867 (webtiles) character file.

Game seed: 9334249463377790886

3593 croobank the Ruffian (level 9, -10/77 HPs)
             Began as a Red Draconian Shapeshifter on Nov 20, 2023.
             Was an Initiate of Gozag.
             Mangled by a yak (13 damage)
             ... on level 9 of the Dungeon on Nov 21, 2023.
             The game lasted 00:32:52 (10044 turns).

croobank the Ruffian (Red Draconian Shapeshifter)  Turns: 10044, Time: 00:32:53

Health: -10/77     AC:  7    Str: 17    XL:     9   Next: 85%
Magic:  16/16      EV: 13    Int: 15    God:    Gozag
Gold:   916        SH:  0    Dex: 10    Spells: 15/17 levels left

rFire   + . .        v - +2 dagger (venom)
rCold   . . .        y - orb {light}
rNeg    . . .        (body armour unavailable)
rPois   .            (helmet currently unavailable)
rElec   .            (cloak currently unavailable)
rCorr   .            (gloves currently unavailable)
SInv    .            x - melded +0 pair of boots
Will    +....        (no amulet)
Stlth   +            u - ring of willpower
HPRegen 0.32/turn    N - +4 ring of slaying
MPRegen 0.15/turn

%: no passive effects
@: lethally poisoned (-10 -> -12), beast-form, glowing
A: beast (slay +3), breathe fire, AC +7, unfitting armour, fire resistance 1,
cold-blooded
a: Breathe Fire, Begin Untransformation, Renounce Religion, Potion Petition,
Call Merchant, Bribe Branch


You were on level 9 of the Dungeon.
You worshipped Gozag.
Gozag was pleased with you.
You were a hulking beast.
You visited 2 branches of the dungeon, and saw 10 of its levels.

You collected 1069 gold pieces.
You paid 153 gold pieces to Gozag.

Inventory:

Hand Weapons
 d - a +0 dagger
 f - a +0 short sword
 m - a +2 dagger of flaming
 v - a +2 dagger of venom (weapon)
 C - a +2 flail of protection
 E - a +2 spear
 I - a +0 scimitar
 R - a +2 whip of holy wrath
 T - a +5 war axe
 U - a +2 rapier of electrocution
 V - a +0 orcbow
Missiles
 g - 5 boomerangs
 i - 2 atropa-tipped darts (quivered)
 k - 29 poisoned darts
 t - 4 curare-tipped darts
 H - 5 silver javelins
 J - 2 throwing nets
Armour
 x - a +0 pair of boots (melded)
 y - an orb of light (worn)
 L - a +0 pair of gloves
Magical Staves
 A - a staff of conjuration
Jewellery
 e - a +6 ring of dexterity
 q - an amulet of faith
 u - a ring of willpower (left hand)
 M - a ring of magical power
 N - a +4 ring of slaying (right hand)
Talismans
 b - a beast talisman (active)
 c - a flux talisman
Wands
 w - a wand of paralysis (5)
 B - a wand of polymorph (9)
 K - a wand of mindburst (2)
 P - a wand of flame (18)
Scrolls
 j - 2 scrolls of identify
 l - 2 scrolls of vulnerability
 o - 2 scrolls of amnesia
 p - 3 scrolls of teleportation
 r - a scroll of torment
 z - 3 scrolls of immolation
 F - a scroll of noise
 G - 2 scrolls of enchant armour
 Q - a scroll of fog
 S - 2 scrolls of silence
Potions
 a - 3 potions of lignification
 h - 3 potions of curing
 n - a potion of ambrosia
 s - a potion of cancellation
 D - a potion of mutation
 O - 2 potions of heal wounds


   Skills:
 - Level 6.3 Fighting
 - Level 5.6 Dodging
 - Level 6.5 Unarmed Combat
 + Level 4.9 Spellcasting
 + Level 5.4 Conjurations
 - Level 6.2 Shapeshifting


You had 15 spell levels left.
You knew the following spells:

 Your Spells              Type           Power      Damage    Failure   Level
a - Searing Ray           Conj           38%        2d5       2%          2

Your spell library contained the following spells:

 Spells                   Type           Power      Damage    Failure   Level
 Magic Dart               Conj           76%        1d6       1%          1
 Kiss of Death            Conj/Necr      44%        2d8       5%          1
 Confusing Touch          Hex            3%         N/A       45%         3
 Fulminant Prism          Conj/Hex       5%         3d7       47%         4
 Dispel Undead            Necr           3%         3d7       86%         4


Dungeon Overview and Level Annotations

Branches:
Dungeon (9/15)             Temple (1/1) D:6
   Lair: D:8-11         Orc: D:9-12

Altars:
Ashenzari
Cheibriados
Dithmenos
Fedhas
Gozag
Hepliaklqana
Kikubaaqudgha
Makhleb
Nemelex Xobeh
Okawaru
Qazlal
Ru
Sif Muna
Trog
Uskayaw
Vehumet
Wu Jian
Yredelemnul
Zin
The Shining One


Innate Abilities, Weirdness & Mutations

You are a hulking beast.
Your limbs bulge with bestial killing power. (Slay +3)
You can breathe blasts of fire.
Your fiery red scales are hard. (AC +7)
You cannot fit into any form of body armour.
Your flesh is heat resistant. (rF+)
You are cold-blooded and may be slowed by cold attacks.


Message History

As you read the scroll of teleportation, it crumbles to dust.
You feel strangely unstable. The two-headed ogre closely misses you.
The two-headed ogre hits you with a +0 giant club.
The killer bee stings you. The shadow closely misses you.
The killer bee stings you.
You are poisoned.
The killer bee poisons you!
A killer bee comes into view.
Your surroundings suddenly seem different.
A two-headed ogre and a yak come into view.
You feel sick.
The yak bellows!
You hear a bellow! x2
Aiming: Bolt of Light
Press: ? - help, Shift-Dir - straight line, f - two-headed ogre
Aim: a two-headed ogre, wielding two +0 giant clubs (haloed, 91% to hit)
The bolt of light hits the two-headed ogre!
The two-headed ogre is lightly wounded.
The two-headed ogre is blinded.
The now-empty wand crumbles to dust.
You feel sick. The two-headed ogre misses you. x2
You hit the two-headed ogre.
The two-headed ogre is poisoned.
The two-headed ogre is moderately wounded.
You feel sick. The two-headed ogre barely misses you.
The two-headed ogre closely misses you.
You hit the two-headed ogre.
The two-headed ogre looks as sick as possible!
The two-headed ogre is moderately wounded.
You feel sick.
A yak comes into view. x2
You catch the helpless two-headed ogre completely off-guard!
You hit the two-headed ogre.
The two-headed ogre looks as sick as possible!
The two-headed ogre is heavily wounded.
You feel sick.
The yak bellows!
A yak comes into view. x2
The two-headed ogre hits you with a +0 giant club!!
* * * LOW HITPOINT WARNING * * *
The two-headed ogre misses you. The yak gores you!
You die...
Your body crumbles into a pile of gold.

.# .# ##..........## .#
#............. #.
#............. #
.....#............Y .#
..................YY .#
.................... .#
.............Y....Y. .#
##...#W.....Oh.....# .#
#$...#.............#
####................###
#...................#
.<.O.W..$#..##.#..###
..#.#....## ..####
..####....# #.# ...
#.W.##)#.##. ###
#...........


You could see a two-headed ogre (blind, extremely poisoned), 5 yaks and a wraith
(wandering).

Vanquished Creatures
  Grinder (D:3)
  A vampire (D:8)
  4 yaks (D:8)
  Edmund (D:5)
  3 water moccasins
  An orc warrior (D:6)
  An ice beast (D:5)
  2 black bears
  3 centaurs
  A kobold brigand (D:8)
  3 bullfrogs
  A gnoll sergeant (D:7)
  5 scorpions
  4 wights
  A howler monkey (D:8)
  3 orc priests
  2 jellies
  3 iguanas (D:4)
  Jessica (D:3)
  3 orc wizards
  A scorpion zombie (D:4)
  A hound zombie (D:4)
  A mummy (D:7)
  Robin (D:3)
  13 gnolls
  10 adders
  A white imp (D:7)
  2 ufetubi (D:5)
  2 adder zombies (D:4)
  4 worms
  24 orcs
  5 endoplasms
  2 giant cockroaches
  17 goblins
  8 hobgoblins
  11 jackals
  16 kobolds
  4 quokkas
  7 ball pythons
  7 bats
  3 frilled lizards
  7 rats
191 creatures vanquished.

Notes
Turn   | Place    | Note
-------+----------+-------------------------------------------
     0 | D:1      | croobank the Draconian Shapeshifter began the quest for the
                  | Orb.
     0 | D:1      | Reached XP level 1. HP: 16/16 MP: 1/1
   176 | D:1      | Reached XP level 2. HP: 22/23 MP: 2/2
   764 | D:1      | Reached XP level 3. HP: 29/29 MP: 3/3
  1438 | D:3      | Reached XP level 4. HP: 11/36 MP: 4/4
  1745 | D:3      | Noticed Jessica
  1755 | D:3      | Killed Jessica
  1962 | D:3      | Noticed Grinder
  1995 | D:3      | Paralysed by Grinder for 3 turns
  2002 | D:3      | Paralysed by Grinder for 5 turns
  2013 | D:3      | Killed Grinder
  2014 | D:3      | Reached XP level 5. HP: 45/45 MP: 5/5
  2014 | D:3      | Reached XP level 6. HP: 51/51 MP: 6/6
  2206 | D:3      | Noticed Robin
  2233 | D:3      | Killed Robin
  2906 | D:4      | Your scales start taking on a fiery red colour.
  2906 | D:4      | Reached XP level 7. HP: 46/59 MP: 7/7
  2906 | D:4      | Gained mutation: Your flesh is heat resistant. (rF+) [Red
                  | Draconian growth]
  3666 | D:4      | Found a basalt altar of Yredelemnul.
  3679 | D:4      | Reached skill level 5 in Unarmed Combat
  3838 | D:4      | Found an ancient bone altar of Kikubaaqudgha.
  3845 | D:4      | Found a radiant altar of Vehumet.
  3867 | D:4      | Found an ornate altar of the Wu Jian Council.
  4301 | D:5      | Entered Level 5 of the Dungeon
  4397 | D:5      | Noticed Edmund
  4418 | D:5      | Reached skill level 5 in Shapeshifting
  4436 | D:5      | Killed Edmund
  4437 | D:5      | Reached skill level 5 in Fighting
  4437 | D:5      | Reached XP level 8. HP: 63/68 MP: 8/8
  5058 | D:6      | Found a staircase to the Ecumenical Temple.
  5064 | Temple   | Entered the Ecumenical Temple
  5074 | Temple   | Became a worshipper of Gozag Ym Sagoz the Greedy
  5133 | D:6      | Found a blossoming altar of Fedhas.
  5604 | D:6      | Reached skill level 5 in Dodging
  6476 | D:7      | Found a snail-covered altar of Cheibriados.
  7341 | D:6      | Reached XP level 9. HP: 59/77 MP: 9/9
  7344 | D:6      | Learned a level 2 spell: Searing Ray
  7727 | D:7      | Reached skill level 1 in Conjurations
  7731 | D:7      | Reached skill level 1 in Spellcasting
  8479 | D:8      | HP: 2/77 [vampire/vampiric draining (13)]
  8975 | D:8      | Reached skill level 5 in Conjurations
  9690 | D:9      | Noticed a two-headed ogre
 10040 | D:9      | Noticed a two-headed ogre
 10044 | D:9      | HP: 3/77 [two-headed ogre/+0 giant club (31)]
 10044 | D:9      | Mangled by a yak

Illustrated notes

Levels and vault maps discovered:
D:1:      dpeg_arrival_stone_temple_mockup, layout_loops_ring,
          minmay_octomino_e4
D:2:      layout_rooms, kennysheep_flooded_box
D:3:      layout_loops_cross, chequers_arboretum, kennysheep_orc_chapel,
          uniq_jessica, uniq_robin, uniq_grinder
D:4:      layout_loops_ring, nicolae_yredelemnul_corpse_copse,
          minmay_overflow_temple_star_quad, minmay_quantized
D:5:      layout_rooms, uniq_edmund
D:6:      layout_gridville, fedhas_altar_4, temple_statues
D:7:      layout_basic, mainiacjoe_overflow_alcove_4, gup_ossuary_entry_pyramid,
          nicolae_elevator_lobby_plus
D:8:      layout_cave_pods
D:9:      layout_cave_pools, nicolae_overflow_hidden_temple, dpeg_oklobed_lair,
          grunt_ministairs_10
Temple:   nicolae_temple_two_arcs

Skill      XL: |  1  2  3  4  5  6  7  8  9 |
---------------+----------------------------+-----
Dodging        | 2 3 4 5 |  5.6
Fighting       | 2 3 4 5 6 |  6.3
Unarmed Combat | 4 5 6 |  6.5
Shapeshifting  | 4 5 6 |  6.2
Conjurations   | 5 |  5.4
Spellcasting   | 4 |  4.9

Action                     |  1- 3 |  4- 6 |  7- 9 || total
---------------------------+-------+-------+-------++-------
  Melee: Unarmed           |   149 |   113 |    46 ||   308
         Tailslap          |    11 |    14 |    61 ||    86
         Punch             |     1 |     4 |       ||     5
         Dagger            |       |     8 |   233 ||   241
         Whip              |       |       |    43 ||    43
         Rapier            |       |       |    10 ||    10
         Staff             |       |       |     8 ||     8
  Throw: Dart              |     2 |     4 |     2 ||     8
         Boomerang         |       |    12 |     3 ||    15
         Throwing net      |       |       |     2 ||     2
Ability: Breathe Fire      |       |       |     6 ||     6
  Evoke: Wand              |       |       |    10 ||    10
    Use: Scroll            |       |    11 |    11 ||    22
         Potion            |       |     3 |     5 ||     8
   Stab: Distracted        |       |     1 |       ||     1
         Confused          |       |       |     1 ||     1
         Sleeping          |       |       |     1 ||     1
         Held in net/web   |       |       |     2 ||     2
         Invisible         |       |       |     1 ||     1
 Armour: Skin              |    77 |    73 |   277 ||   427
  Dodge: Dodged            |    85 |    58 |   266 ||   409
   Form: Beast             |       |     1 |     1 ||     2
                           |       |       |     1 ||     1

Table legend: (Time is in decaauts)
 A = Elapsed time spent in this place.
 B = Non-inter-level travel time spent in this place.
 C = Inter-level travel time spent in this place.
 D = Time resting spent in this place.
 E = Time spent auto-exploring this place.
 F = Levels seen in this place.
 G = Mean time per level.
                   A        B        C        D        E       F      G
               +--------+--------+--------+--------+--------+-----+--------+
         Total |   9996 |   9533 |    463 |   2241 |   5067 |  10 |  999.6 |
       Dungeon |   9976 |   9523 |    453 |   2241 |   5067 |   9 | 1108.4 |
        Temple |     20 |     10 |     10 |      0 |      0 |   1 |   20.0 |
               +--------+--------+--------+--------+--------+-----+--------+

Top non-repeatable levels by time:
     D:7: 1823 daAuts
     D:8: 1687 daAuts
     D:4: 1506 daAuts
     D:3: 1423 daAuts
     D:6: 1340 daAuts
     D:1: 858 daAuts
     D:5: 677 daAuts
     D:2: 532 daAuts
     D:9: 127 daAuts
  Temple: 20 daAuts
